 Dungeon Crawl Stone Soup version 0.24-a0-274-gb3763e6d51 (webtiles) character file.

Game seed: 8978460113586796505

1562 HAL9000 the Basher (level 8, -5/78 HPs)
             Began as an Ogre Hunter on Apr 27, 2019.
             Was an Initiate of Wu Jian.
             Slain by a wight
             ... wielding a +0 morningstar
              (7 damage)
             ... on level 7 of the Dungeon.
             The game lasted 00:15:37 (8476 turns).

HAL9000 the Basher (Ogre Hunter)                    Turns: 8476, Time: 00:15:38

Health: -5/78      AC:  3    Str: 19    XL:     8   Next: 89%
Magic:  8/8        EV:  9    Int: 12    God:    Wu Jian [......]
Gold:   342        SH:  0    Dex:  9    Spells: 7/7 levels left

rFire    . . .     SeeInvis .   B - +0 flail (crush)
rCold    . . .     Gourm    .   (no shield)
rNeg     . . .     Faith    .   b - +0 robe
rPois    .         Spirit   .   (helmet restricted)
rElec    .         Reflect  .   (no cloak)
rCorr    .         Harm     .   (gloves unavailable)
MR       .....                  (boots unavailable)
Stlth    +.........             (no amulet)
HPRegen  0.23/turn              (no ring)
MPRegen  0.11/turn              (no ring)

@: heavily drained
A: large, unfitting armour, tough skin 1
a: Renounce Religion


You were on level 7 of the Dungeon.
You worshipped Wu Jian.
Wu Jian was noncommittal.
You were not hungry.

You visited 2 branches of the dungeon, and saw 8 of its levels.

You collected 342 gold pieces.

Inventory:

Hand Weapons
 e - a +0 mace
 u - a +0 morningstar
 y - a +0 flail
 B - a +0 flail of crushing (weapon)
Missiles
 d - 2 throwing nets
 g - a large rock (quivered)
Armour
 b - a +0 robe (worn)
Wands
 s - a wand of polymorph (28)
 v - a wand of paralysis (7)
 w - a wand of digging (6)
 z - a wand of random effects (39)
 D - a wand of enslavement (11)
Scrolls
 a - 2 scrolls of magic mapping {unknown}
 c - 3 scrolls of blinking {unknown}
 i - a scroll of identify
 j - 10 scrolls of teleportation
 k - a scroll of immolation {unknown}
 l - 2 scrolls of remove curse {unknown}
 m - a scroll of fog {unknown}
 o - 3 scrolls of enchant weapon {unknown}
 t - a scroll of noise {unknown}
Potions
 h - 3 potions of might
 n - a potion of lignification
 p - a potion of haste
 r - 2 potions of ambrosia
 x - 2 potions of cancellation
 A - a potion of resistance
Comestibles
 f - 8 rations


   Skills:
 - Level 4.0(2.1) Fighting
 + Level 9.6(7.4) Maces & Flails
 - Level 4.0(2.1) Throwing
 - Level 1.7(0.0) Dodging
 - Level 0.6(0.0) Stealth


You had 7 spell levels left.
You didn't know any spells.
Your spell library was empty.

Dungeon Overview and Level Annotations

Branches:
Dungeon (7/15)             Temple (1/1) D:5

Altars:
Ashenzari
Cheibriados
Dithmenos
Gozag
Hepliaklqana
Makhleb
Nemelex Xobeh
Okawaru
Qazlal
Ru
Trog
Uskayaw
Wu Jian
Xom
Yredelemnul
Zin
The Shining One


Innate Abilities, Weirdness & Mutations

You are too large for most types of armour.
You have tough skin. (AC +1)


Message History

Found a scroll labeled NARPHU GUDUIKLI.
You feel much better.
You feel sick.
The wight hits you with a +0 morningstar!
You feel drained.
* * * LOW HITPOINT WARNING * * *
You hit the wight but do no damage.
The wight hits you from afar with a +0 spear.
* * * LOW HITPOINT WARNING * * *
The wight barely misses you.
You closely miss the wight. The wight closely misses you.
The wight hits you but does no damage.
You hit the wight but do no damage. The wight closely misses you.
You hit the wight.
The wight is lightly damaged.
You feel sick.
You are no longer poisoned.
The wight hits you with a +0 morningstar!
* * * LOW HITPOINT WARNING * * *
You feel drained.
You die...

# .# #####. ....
#..###### #........
########..#
#.@zz(....###
?......###....).......
..########.##..#..##.#
#...........#.....
#...###.###........
#...# #.# ###....#.
#...# #.. .##.# #...#
#### #.# .# #...# ..


You could see 2 wights.

Vanquished Creatures
  Sigmund (D:2)
  Edmund (D:6)
  An ice beast (D:5)
  2 ogres (D:6)
  A big kobold (D:7)
  3 bullfrogs
  A scorpion (D:4)
  A howler monkey (D:4)
  A wight (D:7)
  A crimson imp (D:6)
  A bullfrog skeleton (D:6)
  2 hounds
  2 jellies (D:5)
  Jessica (D:2)
  An iguana (D:4)
  5 worker ants
  A hound zombie (D:5)
  A worker ant zombie (D:6)
  7 gnolls
  7 adders
  2 shadow imps
  3 adder skeletons (D:5)
  2 worms (D:3)
  3 dart slugs (D:1)
  6 leopard geckos
  7 orcs
  6 bats
  5 giant cockroaches
  10 goblins
  8 hobgoblins
  9 kobolds
  3 quokkas
  2 ball pythons (D:2)
  5 frilled lizards
  A jackal skeleton (D:6)
  12 rats
125 creatures vanquished.

Notes
Turn   | Place    | Note
-------+----------+-------------------------------------------
     0 | D:1      | HAL9000 the Ogre Hunter began the quest for the Orb.
     0 | D:1      | Reached XP level 1. HP: 22/22 MP: 1/1
   158 | D:1      | Reached XP level 2. HP: 32/32 MP: 2/2
   552 | D:1      | Reached skill level 1 in Maces & Flails
   553 | D:1      | Reached XP level 3. HP: 34/39 MP: 3/3
  1001 | D:2      | Noticed Sigmund
  1009 | D:2      | Killed Sigmund
  1009 | D:2      | Reached skill level 4 in Maces & Flails
  1009 | D:2      | Reached XP level 4. HP: 21/48 MP: 4/4
  1009 | D:2      | Reached XP level 5. HP: 24/54 MP: 5/5
  1489 | D:2      | Reached XP level 6. HP: 9/62 MP: 6/6
  1887 | D:2      | Noticed Jessica
  1896 | D:2      | Killed Jessica
  2513 | D:2      | Reached skill level 5 in Maces & Flails
  2730 | D:3      | Found an iron altar of Okawaru.
  3174 | D:3      | Noticed a moth of wrath
  3177 | D:3      | Found a bloodstained altar of Trog.
  3864 | D:4      | Found a sparkling altar of Nemelex Xobeh.
  3865 | D:4      | Found a glowing golden altar of the Shining One.
  4332 | D:4      | Reached skill level 6 in Maces & Flails
  4332 | D:4      | Reached XP level 7. HP: 51/70 MP: 7/7
  4839 | D:5      | Entered Level 5 of the Dungeon
  5299 | D:5      | Found a staircase to the Ecumenical Temple.
  5314 | Temple   | Entered the Ecumenical Temple
  5415 | Temple   | Became a worshipper of the Wu Jian Council
  5474 | D:5      | Reached skill level 7 in Maces & Flails
  6529 | D:6      | Reached XP level 8. HP: 53/78 MP: 8/8
  6947 | D:6      | Noticed Edmund
  6965 | D:6      | Killed Edmund
  6965 | D:6      | Reached skill level 8 in Maces & Flails
  7727 | D:6      | Reached skill level 9 in Maces & Flails
  8476 | D:7      | HP: 2/78 [wight/+0 morningstar (15)]
  8476 | D:7      | Slain by a wight

Levels and vault maps discovered:
D:1:      minmay_arrival_nine_rooms, layout_basic, serial_bayou_pond_c,
          chequers_garden, chequers_jeans
D:2:      minmay_razor_zed, layout_rooms, uniq_jessica, uniq_sigmund
D:3:      layout_basic, kennysheep_okawaru_gauntlet, first_ration, tgw_trog
D:4:      layout_loops_corners, chequers_temple_overflow_statue_of_worship,
          minmay_misc_feat_encased
D:5:      layout_basic, minmay_temple_entry_grid
D:6:      cheibrodos_barr_body, layout_basic, uniq_edmund
D:7:      minmay_chambers_of_sixes, layout_loops_cross,
          kiku_gazebo_garden_becter, elyvilon_altar_5
Temple:   nicolae_temple_great_sept

Skill      XL: |  1  2  3  4  5  6  7  8 |
---------------+-------------------------+-----
Fighting       | 3 4 |  4.0
Maces & Flails | 1 4 6 7 9 |  9.6
Throwing       | |  4.0
Dodging        | |  1.7
Stealth        | |  0.6

Action                   |  1- 3 |  4- 6 |  7- 9 || total
-------------------------+-------+-------+-------++-------
Melee: Short sword       |   100 |    76 |       ||   176
       Mace              |       |    95 |    80 ||   175
       Whip              |       |     6 |       ||     6
       Flail             |       |       |   174 ||   174
Throw: Large rock        |     4 |     9 |    15 ||    28
Invok: Lunge             |       |       |     8 ||     8
  Use: Potion            |       |     3 |     5 ||     8
       Scroll            |       |     5 |     3 ||     8
  Eat: Chunk             |       |    10 |    12 ||    22
       Ration            |       |       |     1 ||     1
Armor: Robe              |    37 |    51 |    64 ||   152
Dodge: Dodged            |    61 |   128 |   185 ||   374

Table legend:
 A = Non-vault XP
 B = Vault XP
 C = Vault XP percentage of total XP
 D = Non-vault monster count
 E = Vault monster count
 F = Vault count percentage of total count
                 A         B        C        D         E       F
            +---------+---------+-------+---------+---------+-------
      Total |    1630 |     602 |  27.0 |     105 |      20 |  16.0
            +---------+---------+-------+---------+---------+-------
        D:1 |      49 |       0 |   0.0 |      25 |       0 |   0.0
        D:2 |      60 |     281 |  82.4 |      15 |      10 |  40.0
        D:3 |      14 |      13 |  48.1 |       7 |       5 |  41.7
        D:4 |     248 |       0 |   0.0 |      13 |       0 |   0.0
        D:5 |     447 |      93 |  17.2 |      19 |       1 |   5.0
        D:6 |     526 |     215 |  29.0 |      12 |       4 |  25.0
        D:7 |     286 |       0 |   0.0 |      14 |       0 |   0.0
            +---------+---------+-------+---------+---------+-------
